Map: Vigía EE

Players

stinkNtink

  • Race: Protoss Protoss
  • Spawn Location: 12:00

BeesNSkis

  • Race: Protoss Protoss
  • League: Gold
  • Spawn Location: 9:00

Dawgman

  • Race: Terran Terran
  • League: Silver
  • Spawn Location: 9:00

MrFercho - Winner!

  • Race: Zerg Zerg
  • League: Gold
  • Spawn Location: 5:00

TATORREA - Winner!

  • Race: Protoss Protoss
  • League: Gold
  • Spawn Location: 5:00

tigro - Winner!

  • Race: Terran Terran
  • League: Bronze
  • Spawn Location: 6:00

VOD

Have the link to the VOD?

Description

Time

  • Played on: Aug. 17, 2020, 8:47 p.m.
  • Length: 15:36
Show
View Real Time Build Order
Export as new Build Order

stinkNtink Protoss 

Build Orders: 1 Gate Expand, Chargelot Immortal 

Get SALT Encoding   

  12  0:03  Probe  
  13  0:15  Probe (Chrono Boost)  
  14  0:21  Pylon  
  14  0:27  Probe (Chrono Boost)  
  15  0:31  Assimilator  
  15  0:51  Gateway  
  15  1:12  Nexus  
  15  1:25  Probe (Chrono Boost)  
  16  1:35  Probe (Chrono Boost)  
  17  1:41  Probe (Chrono Boost), Cybernetics Core  
  18  1:52  Probe  
  19  1:58  Pylon  
  19  2:05  Probe  
  20  2:11  Zealot  
  22  2:16  Assimilator  
  22  2:19  Warp Gate  
  22  2:35  Probe  
  22  2:36  Probe  
  24  2:47  Stalker, Probe  
  24  2:48  Probe (Chrono Boost)  
  28  2:59  Probe (Chrono Boost)  
  28  3:00  Probe (Chrono Boost)  
  30  3:12  Robotics Facility  
  30  3:17  Probe (Chrono Boost)  
  30  3:19  Gateway  
  32  3:20  Probe (Chrono Boost)  
  33  3:27  Probe (Chrono Boost)  
  33  3:31  Probe (Chrono Boost)  
  34  3:34  Probe (Chrono Boost)  
  36  3:41  Gateway  
  36  3:45  Probe x2 (Chrono Boost)  
  37  3:51  Zealot  
  39  4:04  Observer  
  39  4:06  Twilight Council  
  39  4:09  Probe  
  41  4:10  Probe  
  42  4:18  Zealot  
  42  4:21  Stalker  
  46  4:27  Pylon  
  46  4:31  Pylon  
  46  4:45  Stalker, Probe x2  
  46  4:46  Immortal  
  46  4:49  Assimilator  
  54  4:54  Assimilator  
  54  4:57  Pylon  
  54  4:58  Probe x2  
  54  4:59  Pylon  
  56  5:01  Zealot  
  58  5:07  Stalker  
  58  5:10  Probe  
  58  5:13  Charge  
  61  5:25  Immortal  
  65  5:29  Zealot x2  
  65  5:34  Forge  
  69  5:38  Stalker  
  71  5:47  Stargate  
  71  5:49  Probe  
  72  5:50  Probe  
  73  6:02  Probe x2  
  75  6:04  Observer  
  67  6:20  Probe (Chrono Boost)  
  67  6:21  Probe (Chrono Boost)  
  67  6:25  Stalker x2  
  71  6:30  Probe x2 (Chrono Boost)  
  75  6:37  Probe x2 (Chrono Boost)  
  75  6:39  Protoss Ground Weapons Level 1  
  77  6:46  Probe (Chrono Boost)  
  78  6:47  Gateway  
  78  6:58  Pylon  
  78  7:00  Pylon  
  78  7:04  Probe x2  
  78  7:08  Immortal  
  75  7:32  Photon Cannon  
  75  7:35  Photon Cannon  
  60  7:44  Stalker  
  60  7:45  Zealot x3  
  60  7:47  Immortal  
  72  7:53  Photon Cannon  
  72  7:56  Photon Cannon  
  72  8:00  Shield Battery  
  72  8:01  Probe (Chrono Boost)  
  72  8:02  Probe (Chrono Boost)  
  74  8:13  Probe (Chrono Boost)  
  74  8:19  Probe (Chrono Boost)  
  76  8:22  Zealot x3  
  76  8:27  Observer  
  83  8:48  Protoss Ground Armor Level 1  
  83  8:50  Stalker x3  
  83  8:51  Stalker  
  91  9:02  Pylon  
  91  9:06  Pylon  
  91  9:09  Pylon  
  91  9:14  Pylon  
  52  10:46  Stalker  
  52  10:47  Stalker x3  
  54  11:00  Immortal  
  58  11:12  Zealot x4  
  58  11:14  Protoss Ground Weapons Level 2  
  66  11:30  Probe (Chrono Boost)  
  66  11:31  Probe (Chrono Boost)  
  68  11:34  Nexus  
  68  11:39  Immortal  
  73  11:41  Probe x2 (Chrono Boost)  
  73  11:42  Zealot x3  
  73  11:43  Zealot  
  73  11:45  Probe (Chrono Boost)  
  83  11:56  Pylon  
  83  11:58  Pylon  
  83  12:00  Pylon  
  83  12:04  Pylon, Zealot x3  
  89  12:15  Probe x2  
  91  12:18  Immortal  
  95  12:25  Assimilator  
  95  12:27  Probe x2  
  97  12:31  Photon Cannon  
  97  12:34  Photon Cannon  
  97  12:56  Fleet Beacon  
  97  12:58  Immortal  
  101  12:59  Pylon  
  101  13:01  Probe x3  
  66  13:13  Probe x2  
  66  13:14  Stalker x2  
  66  13:15  Stalker x2  
  42  13:37  Gateway  
  42  13:39  Gateway  
  42  13:41  Gateway  
  41  13:43  Stalker x2  
  41  13:44  Stalker  
  40  13:57  Stalker  
  23  14:08  Stalker  
  23  14:09  Stalker  
  11  14:30  Sentry  
Show
View Real Time Build Order
Export as new Build Order

BeesNSkis Protoss 

Build Orders:  

Get SALT Encoding   

  12  0:08  Probe  
  13  0:32  Pylon  
  13  0:35  Probe  
  14  0:49  Probe  
  15  1:01  Probe  
  16  1:12  Nexus  
  16  1:15  Assimilator  
  16  1:21  Assimilator  
  15  1:34  Probe  
  16  1:46  Probe  
  17  1:52  Gateway  
  17  1:58  Probe  
  17  2:00  Assimilator  
  18  2:10  Probe  
  19  2:17  Assimilator  
  19  2:22  Probe  
  20  2:26  Probe  
  21  2:30  Assimilator  
  21  2:32  Assimilator  
  21  2:38  Probe  
  22  2:47  Probe  
  22  2:50  Probe  
  24  2:59  Probe  
  24  3:02  Probe  
  26  3:08  Cybernetics Core  
  26  3:11  Probe  
  27  3:13  Pylon  
  27  3:14  Probe  
  28  3:23  Probe  
  28  3:26  Probe  
  30  3:35  Probe  
  30  3:37  Nexus  
  30  3:38  Probe  
  32  3:48  Stargate  
  32  3:51  Probe  
  32  3:53  Stargate  
  33  4:03  Probe  
  34  4:10  Forge  
  34  4:11  Pylon  
  34  4:15  Probe  
  35  4:20  Probe  
  36  4:27  Probe  
  37  4:31  Pylon  
  37  4:32  Probe  
  37  4:35  Void Ray  
  42  4:39  Probe  
  42  4:44  Probe  
  44  4:51  Void Ray, Probe  
  49  4:58  Probe  
  50  5:03  Probe  
  50  5:06  Assimilator  
  51  5:10  Probe  
  51  5:12  Probe  
  53  5:20  Pylon  
  53  5:22  Shield Battery, Probe  
  53  5:24  Probe  
  55  5:36  Probe  
  56  5:43  Protoss Air Armor Level 1  
  56  5:44  Cybernetics Core  
  56  5:48  Probe, Stargate  
  57  5:50  Void Ray  
  57  5:51  Void Ray  
  65  6:01  Pylon  
  47  6:33  Void Ray x2  
  47  6:34  Probe  
  56  6:46  Probe  
  56  6:48  Robotics Facility  
  49  6:54  Probe  
  49  6:58  Probe  
  51  7:06  Probe  
  52  7:16  Void Ray x2  
  52  7:18  Probe  
  52  7:22  Probe  
  62  7:30  Photon Cannon, Probe  
  62  7:34  Probe  
  64  7:42  Probe  
  64  7:43  Shield Battery  
  65  7:45  Photon Cannon  
  65  7:46  Probe  
  66  7:55  Probe  
  67  8:04  Protoss Air Weapons Level 1, Fleet Beacon  
  67  8:06  Probe  
  67  8:07  Probe  
  69  8:18  Probe  
  69  8:19  Probe  
  71  8:22  Pylon  
  71  8:30  Probe, Observer  
  71  8:31  Probe  
  74  8:42  Probe  
  75  8:51  Observer  
  76  9:12  Observer  
  76  9:14  Protoss Air Armor Level 2  
  77  9:35  Nexus  
  77  9:36  Void Ray x2  
  87  9:42  Pylon  
  87  9:47  Stargate  
  67  10:17  Probe  
  68  10:29  Probe  
  69  10:41  Probe  
  70  10:46  Nexus  
  70  10:49  Probe  
  71  10:53  Assimilator, Probe  
  72  10:57  Assimilator  
  72  11:00  Void Ray  
  72  11:01  Probe  
  77  11:06  Void Ray  
  81  11:13  Probe  
  81  11:15  Assimilator  
  82  11:19  Probe  
  83  11:26  Probe  
  83  11:31  Probe  
  85  11:38  Probe  
  86  11:44  Probe  
  87  11:50  Probe  
  88  11:56  Probe  
  89  12:02  Probe  
  90  12:14  Probe  
  91  12:26  Probe  
  92  12:34  Pylon  
  92  12:38  Probe  
  92  12:42  Nexus  
  93  12:50  Probe  
  93  13:02  Probe  
  93  13:03  Probe  
  95  13:14  Probe  
  95  13:15  Probe  
  97  13:27  Probe  
  98  13:39  Probe  
  95  13:45  Probe  
  96  13:51  Probe  
  92  13:57  Probe  
  86  14:10  Probe  
  86  14:15  Probe  
  83  14:21  Assimilator  
  83  14:22  Probe  
  84  14:27  Probe  
  85  14:40  Probe  
  83  14:52  Probe  
  80  15:04  Probe  
  81  15:16  Probe  
Show
View Real Time Build Order
Export as new Build Order

Dawgman Terran 

Build Orders: Gas First Reaper Expand, Mech 

Get SALT Encoding   

  12  0:01  SCV  
  13  0:13  SCV  
  14  0:24  Supply Depot  
  14  0:30  Refinery  
  14  0:50  Barracks  
  14  1:07  Barracks, SCV  
  15  1:26  Refinery  
  15  1:30  SCV  
  16  1:38  Supply Depot  
  16  1:46  Reaper  
  17  1:55  Reaper  
  17  2:00  SCV  
  19  2:18  Supply Depot  
  19  2:22  Reaper  
  20  2:30  Reaper  
  21  2:59  Reaper  
  22  3:06  Reaper  
  21  3:43  Reaper  
  21  3:44  Reaper  
  22  4:16  Marine, Reaper  
  22  4:33  Marine  
  21  4:48  Reaper  
  18  5:44  Factory x2  
  18  5:46  Factory  
  18  5:49  Factory  
  18  5:51  Orbital Command  
  18  5:53  Command Center  
  18  6:07  Supply Depot  
  16  6:32  Hellion  
  16  6:33  Hellion  
  16  6:34  Hellion  
  16  6:35  Factory Tech Lab  
  19  6:48  SCV  
  20  6:55  Widow Mine  
  20  7:00  SCV  
  23  7:02  Factory Tech Lab  
  23  7:03  Factory Tech Lab  
  23  7:10  Siege Tank  
  26  7:18  Armory  
  26  7:23  Orbital Command  
  26  7:36  Siege Tank  
  29  7:47  Factory Tech Lab  
  29  7:52  Orbital Command  
  29  7:54  SCV  
  30  8:06  SCV  
  31  8:25  SCV x2  
  33  8:37  SCV x2  
  35  8:49  SCV x2  
  35  8:51  Refinery  
  35  8:55  Refinery  
  37  9:03  SCV x2  
  39  9:14  Engineering Bay  
  39  9:15  SCV x2  
  41  9:27  SCV x2  
  43  9:32  Thor  
  49  9:39  SCV  
  49  9:40  SCV  
  45  10:19  Thor  
  45  10:20  Siege Tank x2  
  57  10:21  Siege Tank  
  57  10:43  SCV x2  
  59  10:55  Sensor Tower  
  59  11:04  Siege Tank  
  62  11:26  Thor  
  62  11:27  Supply Depot  
  68  11:33  SCV  
  68  11:34  SCV  
  70  11:48  Command Center, Thor  
  70  11:49  SCV x2  
  78  12:06  Supply Depot  
  78  12:23  Thor  
  78  12:24  SCV x2  
  78  12:27  Siege Tank  
  89  12:36  SCV x2  
  91  12:41  Siege Tank  
  94  12:47  Thor  
  94  12:50  Supply Depot  
  100  12:53  Supply Depot  
  100  12:55  SCV x2  
  75  13:51  Siege Tank x3  
  75  13:52  Siege Tank  
  75  14:04  Orbital Command  
  72  14:23  Siege Tank x3  
  72  14:24  Siege Tank  
  81  14:44  SCV x3  
  72  14:55  Siege Tank  
  72  14:56  SCV  
Show
View Real Time Build Order
Export as new Build Order

MrFercho Zerg - Winner!

Build Orders: Pool First 

Get SALT Encoding   

  12  0:00  Drone  
  13  0:14  Drone  
  13  0:17  Overlord  
  14  0:36  Drone x2  
  16  0:50  Spawning Pool  
  15  1:30  Extractor, Overlord  
  15  1:31  Drone x2  
  16  1:39  Hatchery  
  15  1:42  Zergling x2  
  15  1:46  Queen  
  18  1:54  Drone  
  19  2:17  Drone x2  
  21  2:25  Drone  
  22  2:35  Drone  
  23  2:50  Drone  
  24  2:52  Overlord  
  24  2:56  Queen  
  26  2:59  Zergling x4  
  26  3:00  Zergling x2  
  29  3:24  Metabolic Boost  
  29  3:27  Drone x5  
  29  3:28  Drone  
  33  3:46  Zergling x8  
  37  3:53  Drone x2  
  38  4:13  Overlord  
  38  4:14  Drone  
  38  4:15  Drone x4  
  43  4:22  Lair  
  43  4:41  Evolution Chamber  
  42  4:45  Baneling Nest  
  41  5:01  Drone x4  
  41  5:06  Zergling x12  
  51  5:08  Zerg Melee Weapons Level 1  
  51  5:40  Overlord x2  
  51  5:49  Overlord  
  51  5:58  Queen  
  51  6:06  Zergling x12  
  48  6:33  Zergling x4  
  48  6:34  Zergling x8  
  54  6:40  Centrifical Hooks  
  54  6:52  Zergling x16  
  62  7:04  Baneling x7  
  62  7:05  Baneling x2  
  62  7:13  Drone x4  
  62  7:14  Drone x2  
  68  7:17  Extractor  
  68  7:20  Extractor  
  53  7:38  Zergling x10  
  53  7:42  Zergling x8  
  55  7:54  Zerg Missile Weapons Level 1  
  55  8:03  Hydralisk Den  
  54  8:08  Extractor  
  53  8:28  Spore Crawler  
  53  8:30  Drone x2  
  53  8:31  Drone x4  
  58  8:34  Spore Crawler  
  58  8:41  Spine Crawler x2  
  56  8:42  Muscular Augments  
  56  8:43  Hydralisk x3  
  61  8:59  Hatchery  
  60  9:04  Hatchery  
  60  9:09  Lurker Den  
  58  9:13  Infestation Pit  
  58  9:14  Hydralisk x2  
  58  9:16  Overlord x2  
  61  9:18  Zergling x20  
  71  9:28  Evolution Chamber  
  45  9:53  Grooved Spines  
  45  9:55  Hydralisk x9  
  59  10:09  Overseer  
  59  10:10  Hydralisk x2  
  60  10:22  Hydralisk x2  
  60  10:24  Zergling x2  
  60  10:25  Zergling x8  
  66  10:43  Hatchery  
  65  11:08  Hydralisk x5  
  75  11:17  Extractor  
  74  11:26  Hydralisk x2  
  74  11:28  Hatchery  
  77  11:42  Hatchery  
  76  12:05  Zerg Missile Weapons Level 2  
  76  12:10  Hive  
  76  12:13  Zergling x4  
  76  12:14  Zergling x12  
  84  12:34  Drone  
  84  12:35  Drone x5  
  90  12:37  Overlord x3  
  90  12:38  Overlord  
  90  12:42  Lurker x2  
  92  12:48  Drone  
  92  12:49  Drone  
  95  12:58  Drone x2  
  95  12:59  Drone  
  95  13:02  Zerg Ground Armor Level 1  
  97  13:06  Drone x2  
  97  13:11  Drone x9  
  108  14:03  Hydralisk  
  108  14:04  Hydralisk x12  
  108  14:05  Overlord  
  108  14:07  Overlord  
  134  14:33  Drone  
  134  14:34  Drone x15  
  150  14:39  Extractor  
  150  14:41  Extractor  
  145  15:15  Overlord  
  145  15:16  Overlord x2  
  145  15:17  Overlord  
  145  15:19  Drone  
  145  15:20  Drone x5  
Show
View Real Time Build Order
Export as new Build Order

TATORREA Protoss - Winner!

Build Orders: Mass Adepts 

Get SALT Encoding   

  12  0:03  Probe  
  13  0:15  Probe  
  14  0:23  Pylon  
  14  0:27  Probe  
  15  0:41  Probe  
  16  0:47  Gateway  
  16  0:53  Probe  
  17  1:00  Assimilator  
  17  1:05  Probe  
  18  1:17  Probe  
  19  1:22  Gateway  
  19  1:29  Probe  
  19  1:31  Pylon  
  19  1:32  Assimilator  
  20  1:41  Probe  
  20  1:44  Cybernetics Core  
  21  1:55  Pylon  
  21  2:12  Probe  
  22  2:29  Twilight Council  
  22  2:38  Nexus  
  22  2:39  Warp Gate  
  22  2:41  Pylon  
  22  2:56  Gateway  
  22  3:01  Resonating Glaives (Chrono Boost)  
  22  3:11  Adept x2  
  26  3:25  Pylon  
  26  3:41  Adept x2  
  28  3:43  Probe  
  31  3:55  Probe  
  32  4:01  Adept  
  34  4:11  Adept x2  
  39  4:17  Probe x2  
  40  4:29  Probe x2  
  42  4:41  Probe x2  
  43  4:53  Probe x2  
  43  4:57  Adept  
  43  4:58  Adept x2  
  51  5:05  Probe  
  52  5:08  Probe  
  53  5:17  Probe  
  53  5:20  Pylon, Probe  
  55  5:24  Pylon  
  55  5:29  Probe  
  56  5:51  Probe x2  
  58  6:03  Probe  
  58  6:04  Probe  
  60  6:15  Probe  
  60  6:16  Probe  
  62  6:48  Probe x2  
  64  7:00  Probe  
  64  7:01  Probe  
  64  7:13  Probe x2  
  48  7:23  Assimilator  
  48  7:25  Probe x2  
  48  7:26  Assimilator  
  51  7:37  Probe  
  51  7:43  Nexus  
  51  7:44  Probe  
  52  7:45  Pylon  
  52  7:48  Pylon  
  52  7:49  Probe  
  53  7:55  Pylon  
  53  7:56  Probe  
  54  7:58  Stalker x2  
  54  7:59  Stalker, Pylon  
  54  8:01  Probe  
  61  8:06  Pylon  
  61  8:08  Probe  
  61  8:09  Pylon  
  62  8:13  Probe  
  62  8:14  Pylon  
  62  8:16  Gateway  
  62  8:19  Gateway  
  63  8:20  Probe  
  63  8:21  Gateway  
  63  8:25  Probe  
  63  8:26  Charge (Chrono Boost), Forge  
  65  8:27  Forge  
  65  8:28  Gateway  
  65  8:29  Forge  
  65  8:30  Gateway  
  65  8:32  Gateway  
  65  8:33  Assimilator  
  65  8:37  Gateway  
  65  8:38  Assimilator  
  65  8:39  Gateway  
  65  8:41  Stalker  
  65  8:42  Stalker x2  
  71  9:02  Gateway  
  71  9:04  Gateway  
  71  9:06  Gateway  
  71  9:09  Gateway  
  71  9:15  Templar Archives  
  71  9:18  Gateway  
  71  9:20  Gateway  
  71  9:24  Gateway  
  71  9:27  Gateway  
  71  9:36  Stalker  
  71  9:37  Protoss Ground Armor Level 1 (Chrono Boost), Stalker x5, Protoss Ground Weapons Level 1 (Chrono Boost), Protoss Shields Level 1 (Chrono Boost)  
  71  9:38  Stalker x3  
  85  9:39  Stalker x2  
  93  9:56  Pylon, Nexus  
  93  9:59  Pylon  
  93  10:03  High Templar x2  
  93  10:04  High Templar x5  
  93  10:05  High Templar  
  109  10:08  Stalker  
  109  10:09  Stalker  
  109  10:10  Stalker x2  
  117  10:14  Archon x2  
  117  10:15  Archon  
  117  10:16  Archon  
  117  11:01  Stalker x3  
  117  11:02  Stalker x5  
  117  11:03  Stalker x4  
  117  11:04  Stalker x4  
  143  11:05  Stalker  
  143  11:07  Psionic Storm, Zealot x2  
  155  11:12  Probe x4  
  155  11:16  Blink (Chrono Boost)  
  159  11:24  Probe x2  
  161  11:31  Protoss Ground Weapons Level 2 (Chrono Boost)  
  161  11:45  Protoss Shields Level 2 (Chrono Boost)  
  161  11:55  Protoss Ground Armor Level 2 (Chrono Boost)  
  161  12:09  Zealot x4  
  161  12:10  Zealot x2  
  161  12:11  Zealot x3  
  161  12:12  Zealot x2  
  161  12:13  Zealot x2  
  187  12:18  Probe  
  188  12:26  Assimilator  
  188  12:28  Assimilator  
  188  12:32  Pylon  
  188  12:35  Pylon  
  188  12:39  Pylon  
  188  12:41  Pylon  
  188  12:44  Pylon  
  188  12:50  Probe x4  
  192  13:02  Probe x3  
  183  13:37  Stalker x3  
  183  13:38  Stalker x5  
  155  15:26  Stalker x3  
  155  15:27  Stalker x4  
  155  15:28  Stalker x3  
  171  15:29  Stalker x4  
  171  15:30  Stalker x4  
  171  15:31  Stalker  
Show
View Real Time Build Order
Export as new Build Order

tigro Terran - Winner!

Build Orders:  

Get SALT Encoding   

  13  0:21  SCV  
  13  0:25  Supply Depot  
  13  0:33  SCV  
  14  0:45  SCV  
  14  0:48  Supply Depot  
  15  1:08  Barracks  
  15  1:56  Marine  
  16  2:12  Refinery  
  16  2:14  Marine  
  17  2:20  Refinery  
  17  2:23  SCV  
  17  2:29  Engineering Bay  
  18  2:31  Marine  
  18  2:35  SCV  
  18  2:36  Refinery  
  20  2:48  SCV  
  20  2:49  Marine  
  22  3:00  SCV  
  23  3:07  Marine  
  23  3:12  SCV  
  25  3:29  SCV  
  25  3:30  Refinery  
  26  3:41  SCV  
  26  3:47  Command Center  
  26  3:48  Barracks Tech Lab  
  27  3:50  Factory  
  27  3:53  SCV  
  28  4:05  SCV  
  28  4:09  Terran Infantry Weapons Level 1  
  29  4:18  SCV  
  29  4:21  Combat Shield  
  30  4:30  SCV  
  31  4:36  Factory Tech Lab  
  31  4:47  Orbital Command  
  31  5:12  Siege Tank  
  34  5:44  Siege Tank  
  34  5:47  Stimpack  
  37  5:57  SCV  
  37  6:03  Terran Infantry Armor Level 1  
  38  6:10  SCV  
  39  6:17  Siege Tank  
  42  6:19  Starport  
  42  6:22  SCV  
  43  6:27  Marine  
  44  6:34  SCV  
  45  6:45  Marine  
  45  6:46  SCV  
  47  6:58  SCV  
  48  7:02  Medivac, Marine  
  51  7:10  SCV  
  51  7:13  Armory  
  51  7:15  Cyclone  
  55  7:20  Marine  
  55  7:22  SCV  
  57  7:32  Medivac  
  56  7:38  Marine  
  55  7:47  Cyclone  
  58  7:57  Neosteel Armor  
  58  8:05  Missile Turret  
  58  8:11  Starport Tech Lab  
  58  8:23  Marine  
  59  8:27  Missile Turret  
  59  8:40  Marine  
  60  8:44  Supply Depot  
  60  8:48  Missile Turret  
  60  8:52  Barracks  
  60  8:54  Terran Vehicle Weapons Level 1  
  60  8:58  Marine  
  60  8:59  SCV  
  62  9:06  Supply Depot  
  62  9:11  Viking, Missile Turret, SCV  
  62  9:16  Marine  
  66  9:23  SCV  
  67  9:32  Missile Turret  
  67  9:34  Marine  
  67  9:35  SCV  
  67  9:37  Hi-Sec Auto Tracking  
  69  9:47  SCV  
  69  9:52  Marine  
  68  10:02  Missile Turret  
  68  10:07  Cyclone  
  71  10:10  Marine  
  71  10:24  Missile Turret  
  71  10:27  Marine  
  70  10:34  Terran Infantry Weapons Level 2  
  55  10:45  Marine  
  55  10:48  Missile Turret  
  55  10:49  Terran Vehicle And Ship Armor Level 1  
  55  10:50  Thor  
  55  10:53  Barracks Reactor  
  58  11:03  Marine  
  59  11:15  Medivac  
  61  11:19  Fusion Core  
  61  11:21  Marine  
  62  11:39  Marine  
  63  11:56  Marine  
  64  12:14  Marine  
  65  12:28  Thor  
  65  12:29  Missile Turret  
  71  12:33  Battlecruiser  
  77  12:37  Marine x3  
  77  12:43  Terran Ship Weapons Level 1  
  80  12:50  Terran Infantry Armor Level 2  
  80  12:55  Marine x3  
  83  12:58  Missile Turret  
  82  13:13  Marine x3  
  85  13:31  Marine  
  85  13:33  Marine x2  
  83  13:34  Thor  
  83  13:37  Battlecruiser  
  70  13:51  Marine  
  70  13:53  Missile Turret  
  70  14:27  Fusion Core  
  70  14:52  Missile Turret  
  70  15:12  Missile Turret  
  70  15:17  Command Center  
  70  15:36  Missile Turret  
Tags
 
Add a new tag
Caveats
  • Supply blocks, unpowered buildings, or Contaminate may cause inaccurate times.
  • Supply counts are checked every 10 seconds.